[Event "January 9 Late 2024"]
[Site "https://www.chess.com"]
[Date "2024.01.09"]
[Round "10"]
[White "Xiong, Jeffery"]
[Black "Remizov, Yaroslav"]
[Result "0-1"]
[Board "12"]
[TimeControl "180+1"]
[WhiteFideId "2047640"]
[BlackFideId "34134015"]
[WhiteElo "3031"]
[BlackElo "2857"]
[WhiteTeam "USA"]
[BlackTeam "RUS"]
[WhiteClock "0:00:45"]
[BlackClock "0:00:05"]

1. e4 c5 2. Nf3 d6 3. Nc3 Nf6 4. d4 cxd4 5. Qxd4 Nc6 6. Qd3 g6 7. Nd5 Bg7 8. c3 O-O 9. Bg5 Nxd5 10. exd5 Ne5 11. Nxe5 Bxe5 12. Be2 Bf5 13. Qd2 Re8 14. O-O Rc8 15. Rfe1 Qb6 16. Be3 Qa5 17. a4 a6 18. Ra3 Be4 19. Rd1 e6 20. dxe6 Rxe6 21. Bg4 f5 22. Be2 Rce8 23. Bc4 d5 24. Ba2 Qc7 25. g3 f4 26. gxf4 Bd6 27. b4 Qf7 28. c4 Qf5 29. c5 Qg4+ 30. Kf1 Qg2+ 31. Ke1 Bf3 32. Qxd5 Qg1+ 33. Kd2 Qxd1+ 0-1

[Event "January 9 Late 2024"]
[Site "https://www.chess.com"]
[Date "2024.01.09"]
[Round "10"]
[White "Krzyzanowski, Marcin"]
[Black "Caruana, Fabiano"]
[Result "0-1"]
[Board "13"]
[TimeControl "180+1"]
[WhiteFideId "1132199"]
[BlackFideId "2020009"]
[WhiteElo "2801"]
[BlackElo "3026"]
[WhiteTeam "POL"]
[BlackTeam "USA"]
[WhiteClock "0:00:00"]
[BlackClock "0:00:14"]

1. e4 c5 2. Nf3 e6 3. d4 cxd4 4. Nxd4 a6 5. Nc3 b5 6. Bd3 Bb7 7. O-O Qc7 8. Re1 Be7 9. Qf3 Nf6 10. Qh3 b4 11. Nd1 d6 12. Ne3 Nbd7 13. Bd2 Ne5 14. Bxb4 Nxe4 15. Ng4 Ng5 16. Qg3 Nxg4 17. Qxg4 h5 18. Qe2 h4 19. f4 Qb6 20. Bc3 Nh7 21. Bxh7 Rxh7 22. a4 h3 23. a5 Qc5 24. Qd3 Rh5 25. b4 Qd5 26. Re2 hxg2 27. Rae1 Kd7 28. Qg3 Rah8 29. Nxe6 Rxh2 30. Nc5+ Kc8 31. Qxh2 Rxh2 32. Kxh2 Qh5+ 33. Kg1 Qh1+ 34. Kf2 Bh4+ 35. Ke3 Bxe1 36. Rxe1 g1=Q+ 0-1

[Event "January 9 Late 2024"]
[Site "https://www.chess.com"]
[Date "2024.01.09"]
[Round "10"]
[White "Nagare Kaivalya Sandip"]
[Black "Deac, Bogdan-Daniel"]
[Result "0-1"]
[Board "14"]
[TimeControl "180+1"]
[WhiteFideId "25957929"]
[BlackFideId "1226380"]
[WhiteElo "2763"]
[BlackElo "3008"]
[WhiteTeam "IND"]
[BlackTeam "ROU"]
[WhiteClock "0:01:44"]
[BlackClock "0:01:26"]

1. e4 c6 2. d4 d5 3. e5 Bf5 4. h4 h5 5. c4 e6 6. Nc3 dxc4 7. Bxc4 Be7 8. Nf3 Bg4 9. Be3 Nh6 10. Be2 Nf5 11. Qb3 Qb6 12. Qxb6 axb6 13. g3 Na6 14. Nd2 Nb4 15. Bxg4 Nc2+ 16. Ke2 hxg4 17. Rad1 Ncxe3 18. fxe3 Nxg3+ 0-1

[Event "January 9 Late 2024"]
[Site "https://www.chess.com"]
[Date "2024.01.09"]
[Round "10"]
[White "Dominguez Perez, Leinier"]
[Black "Niedbala, Bartlomiej"]
[Result "1-0"]
[Board "15"]
[TimeControl "180+1"]
[WhiteFideId "3503240"]
[BlackFideId "21834008"]
[WhiteElo "3006"]
[BlackElo "2715"]
[WhiteTeam "USA"]
[BlackTeam "POL"]
[WhiteClock "0:01:30"]
[BlackClock "0:00:16"]

1. e4 c6 2. d4 d5 3. e5 Bf5 4. Nf3 e6 5. Be2 Nd7 6. O-O a5 7. Ne1 a4 8. c3 h6 9. Nd2 Ne7 10. Ndf3 g5 11. h3 Bg7 12. Bd3 Qb6 13. Rb1 Qc7 14. Nc2 c5 15. Bxf5 Nxf5 16. Ne3 Nxe3 17. Bxe3 c4 18. Nh2 a3 19. b3 cxb3 20. Rxb3 b6 21. f4 gxf4 22. Bxf4 h5 23. Nf3 f5 24. exf6 Qxf4 25. fxg7 Rg8 26. Qe2 Qd6 27. Ng5 O-O-O 28. Nf7 1-0

[Event "January 9 Late 2024"]
[Site "https://www.chess.com"]
[Date "2024.01.09"]
[Round "10"]
[White "Tari, Aryan"]
[Black "Naroditsky, Daniel"]
[Result "0-1"]
[Board "16"]
[TimeControl "180+1"]
[WhiteFideId "1510045"]
[BlackFideId "2026961"]
[WhiteElo "2901"]
[BlackElo "3137"]
[WhiteTeam "NOR"]
[BlackTeam "USA"]
[WhiteClock "0:00:00"]
[BlackClock "0:00:19"]

1. e4 c5 2. Nf3 d6 3. Bb5+ Nd7 4. O-O a6 5. Bd3 Ngf6 6. Re1 e6 7. c3 b5 8. Bc2 Bb7 9. d4 Be7 10. Nbd2 O-O 11. Nf1 cxd4 12. cxd4 Re8 13. Ng3 Rc8 14. Bd2 Nb6 15. Ba5 Nfd7 16. b3 Qc7 17. Bd3 Qb8 18. Qe2 Bf8 19. a4 bxa4 20. bxa4 Qa7 21. Reb1 d5 22. e5 g6 23. Bxb6 Nxb6 24. Qb2 Ba8 25. Qd2 Nc4 26. Qf4 Qe7 27. h4 Bg7 28. h5 Bc6 29. Nh2 f6 30. Ng4 fxe5 31. dxe5 Rf8 32. Qd4 Qg5 33. Re1 Rf4 34. Qa7 Rxg4 35. Qxa6 Bd7 36. Qb7 Nxe5 0-1

[Event "January 9 Late 2024"]
[Site "https://www.chess.com"]
[Date "2024.01.09"]
[Round "10"]
[White "Bluebaum, Matthias"]
[Black "Anton Guijarro, David"]
[Result "1-0"]
[Board "17"]
[TimeControl "180+1"]
[WhiteFideId "24651516"]
[BlackFideId "2285525"]
[WhiteElo "3072"]
[BlackElo "2975"]
[WhiteTeam "GER"]
[BlackTeam "ESP"]
[WhiteClock "0:00:04"]
[BlackClock "0:00:17"]

1. d4 Nf6 2. c4 g6 3. Nc3 Bg7 4. e4 d6 5. Be2 Nbd7 6. Nf3 e5 7. Be3 Ng4 8. Bg5 f6 9. Bd2 Nh6 10. h4 O-O 11. h5 g5 12. dxe5 dxe5 13. Qc2 Nc5 14. O-O-O Qe8 15. Be3 Ne6 16. c5 c6 17. Bc4 Kh8 18. Ne2 Nf4 19. Nxf4 gxf4 20. Bd2 Bg4 21. Bc3 Rd8 22. Rxd8 Qxd8 23. Nh4 Qe8 24. Qb3 Qe7 25. f3 Bxh5 26. Nf5 Nxf5 27. exf5 Bf7 28. Bxf7 Rxf7 29. Rd1 Bf8 30. Qc4 Rg7 31. Rd2 h5 32. b4 Kh7 33. Kc2 Kh6 34. Kb2 Kg5 35. Qe4 Qe8 36. Rd1 Kh6 37. g4 fxg3 38. Qh4 Kh7 39. Qxf6 Qf7 40. Qxe5 g2 41. Rg1 Rg5 42. Qh8# 1-0

[Event "January 9 Late 2024"]
[Site "https://www.chess.com"]
[Date "2024.01.09"]
[Round "10"]
[White "Troff, Kayden"]
[Black "Grischuk, Alexander"]
[Result "1-0"]
[Board "18"]
[TimeControl "180+1"]
[WhiteFideId "2047896"]
[BlackFideId "4126025"]
[WhiteElo "2838"]
[BlackElo "3049"]
[WhiteTeam "USA"]
[BlackTeam "RUS"]
[WhiteClock "0:00:13"]
[BlackClock "0:00:09"]

1. d4 e6 2. Nf3 c5 3. c3 d5 4. Bf4 Bd6 5. Bxd6 Qxd6 6. Nbd2 Nf6 7. g3 O-O 8. Bg2 Nbd7 9. O-O b6 10. Qb3 Bb7 11. Rad1 Rfd8 12. Rfe1 h6 13. h4 Rac8 14. Qa3 a5 15. Nb3 Qc7 16. dxc5 Nxc5 17. Nfd4 Ba6 18. Nxc5 Qxc5 19. Nc2 Qc7 20. Nd4 g6 21. Rc1 e5 22. Nf3 Ne4 23. Nh2 Nc5 24. b3 h5 25. Qb2 Kg7 26. Nf3 f6 27. Nd2 Qe7 28. Qb1 Rc7 29. Rcd1 Bb7 30. c4 d4 31. Bxb7 Rxb7 32. Ne4 Ne6 33. e3 f5 34. Nd2 e4 35. exd4 Nxd4 36. Kg2 Rbd7 37. Nf1 Nf3 38. Rxd7 Nxe1+ 39. Qxe1 Qxd7 40. Ne3 Qd2 41. Qa1+ Qd4 42. Qc1 Rc8 43. Nxf5+ gxf5 44. Qg5+ Kh8 45. Qh6+ Kg8 46. Qe6+ Kg7 47. Qxc8 Qf6 48. Qc7+ Kg6 49. Qf4 Qe7 50. Qe3 Qd8 51. Kh2 Kg7 52. Kh3 Kg6 53. Kg2 Kg7 54. Kh2 Kg6 55. Kh3 Kg7 56. Qg5+ Qxg5 57. hxg5 1-0

[Event "January 9 Late 2024"]
[Site "https://www.chess.com"]
[Date "2024.01.09"]
[Round "10"]
[White "Svane, Rasmus"]
[Black "Korchmar, Vasiliy"]
[Result "1-0"]
[Board "19"]
[TimeControl "180+1"]
[WhiteFideId "4657101"]
[BlackFideId "24131750"]
[WhiteElo "2998"]
[BlackElo "2765"]
[WhiteTeam "GER"]
[BlackTeam "RUS"]
[WhiteClock "0:00:06"]
[BlackClock "0:00:00"]

1. Nf3 d5 2. g3 g6 3. Bg2 Bg7 4. d4 Nf6 5. O-O c6 6. b3 O-O 7. c4 Bf5 8. Bb2 Nbd7 9. cxd5 cxd5 10. Nc3 Rc8 11. Rc1 Nb6 12. a4 Ne4 13. e3 Nxc3 14. Bxc3 Qd6 15. Qd2 Nd7 16. Bb4 Qf6 17. Rxc8 Rxc8 18. Rc1 Rc6 19. Rxc6 bxc6 20. Ne1 e5 21. dxe5 Nxe5 22. Bc5 a6 23. Qa5 h5 24. Bd4 h4 25. f4 h3 26. fxe5 Qe7 27. Bf1 Bxe5 28. Qc3 Bxd4 29. exd4 c5 30. Nf3 cxd4 31. Nxd4 Bg4 32. Kf2 Qe4 33. Nf3 d4 34. Qd3 Qd5 35. Be2 Qc6 36. Qxd4 Bxf3 37. Bxf3 Qc2+ 38. Be2 Qxb3 39. Bxa6 Qa2+ 40. Be2 Qa1 41. Qxa1 1-0

[Event "January 9 Late 2024"]
[Site "https://www.chess.com"]
[Date "2024.01.09"]
[Round "10"]
[White "Mekhitarian, Krikor Sevag"]
[Black "Yoo, Christopher Woojin"]
[Result "0-1"]
[Board "20"]
[TimeControl "180+1"]
[WhiteFideId "2107660"]
[BlackFideId "30909694"]
[WhiteElo "2758"]
[BlackElo "2981"]
[WhiteTeam "BRA"]
[BlackTeam "USA"]
[WhiteClock "0:00:01"]
[BlackClock "0:00:12"]

1. Nf3 g6 2. c4 Bg7 3. e4 c5 4. d4 cxd4 5. Nxd4 Nc6 6. Be3 Qb6 7. Nb3 Qd8 8. Qd2 Nf6 9. f3 d6 10. Nc3 O-O 11. Be2 Ne5 12. Nd4 Bd7 13. Rc1 Rc8 14. b3 a6 15. a4 Re8 16. O-O a5 17. Ndb5 Bc6 18. Nd5 Ned7 19. Bd4 Bxb5 20. axb5 Nxd5 21. exd5 Bxd4+ 22. Qxd4 Nc5 23. Bd1 Qb6 24. Ra1 Ra8 25. Rf2 Nd7 26. Qxb6 Nxb6 27. Rfa2 a4 28. bxa4 Ra5 29. Bb3 Nd7 30. Kf2 Nc5 31. Bc2 Rc8 32. Ke3 b6 33. Kd4 Kf8 34. f4 h5 35. Re1 Nd7 36. Ra3 Rc7 37. Rae3 Nf6 38. g3 Ra8 39. h3 Rac8 40. Bb3 Ra7 41. Rg1 Kg7 42. Rge1 Rcc7 43. R1e2 Kf8 44. Rg2 Ra8 45. Ra2 Ra5 46. Re1 Ne8 47. Bd1 Ng7 48. Bc2 Rca7 49. g4 Rc7 50. g5 h4 51. Bd3 Nh5 52. Ke3 Ng3 53. Rea1 Rc5 54. Kf3 Nf5 55. Bxf5 gxf5 56. Ke3 Rxc4 57. Kf3 Rc3+ 58. Kg2 Rg3+ 59. Kh2 Rf3 60. Rc1 Rxf4 61. Rc6 Raxa4 62. Rxa4 Rxa4 63. Rxb6 Ra2+ 64. Kg1 Rd2 65. Rb8+ Kg7 66. Re8 Rxd5 67. Rxe7 Rxb5 68. Rd7 Rb6 69. Kg2 Kg6 70. Kf3 Kxg5 71. Rxf7 Rb3+ 72. Kg2 Kf4 73. Rh7 Rb2+ 74. Kh1 Kg3 75. Rd7 Rb1# 0-1

[Event "January 9 Late 2024"]
[Site "https://www.chess.com"]
[Date "2024.01.09"]
[Round "10"]
[White "Chirilov, James A"]
[Black "Theodorou, Nikolas"]
[Result "0-1"]
[Board "21"]
[TimeControl "180+1"]
[WhiteFideId "30976677"]
[BlackFideId "4262875"]
[WhiteElo "2759"]
[BlackElo "3023"]
[WhiteTeam "USA"]
[BlackTeam "GRE"]
[WhiteClock "0:00:00"]
[BlackClock "0:00:24"]

1. e4 b6 2. d4 Bb7 3. Bd3 d6 4. Nf3 Nd7 5. Qe2 e5 6. c3 Ngf6 7. Nbd2 g6 8. O-O Bg7 9. Re1 O-O 10. dxe5 Nxe5 11. Nxe5 dxe5 12. Nf3 Nh5 13. Be3 Qf6 14. Bg5 Nf4 15. Bxf6 Nxe2+ 16. Rxe2 Bxf6 17. Rd1 Rfd8 18. Red2 Kf8 19. Bc2 Rxd2 20. Rxd2 Bc6 21. Kf1 Ke7 22. Ke2 Bg7 23. Rd1 a5 24. Bd3 Rd8 25. Nd2 Bh6 26. Nc4 f6 27. Ne3 Bb7 28. h3 Rd7 29. Nc4 Rd8 30. Ne3 Bg5 31. g3 h5 32. h4 Bh6 33. Nc4 Bc8 34. Ne3 Be6 35. a3 c6 36. f3 a4 37. Nc4 b5 38. Ne3 Bb3 39. Bc2 Bxe3 40. Bxb3 Rxd1 41. Bxd1 Bc1 42. b3 axb3 43. Bxb3 Bxa3 44. Kd3 Bc5 45. g4 Bf2 46. gxh5 gxh5 47. Bd1 Kf7 48. f4 Kg6 49. f5+ Kh6 50. Ke2 Bxh4 51. Kf3 Be1 52. c4 bxc4 53. Be2 c3 54. Bd3 Kg5 55. Bc2 c5 56. Bd3 Bd2 57. Bc2 h4 58. Bd3 Bf4 0-1

[Event "January 9 Late 2024"]
[Site "https://www.chess.com"]
[Date "2024.01.09"]
[Round "10"]
[White "Paravyan, David"]
[Black "Akobian, Varuzhan"]
[Result "1-0"]
[Board "22"]
[TimeControl "180+1"]
[WhiteFideId "4194985"]
[BlackFideId "13300580"]
[WhiteElo "3003"]
[BlackElo "2725"]
[WhiteTeam "FID"]
[BlackTeam "USA"]
[WhiteClock "0:01:07"]
[BlackClock "0:00:00"]

1. e4 d6 2. d4 Nf6 3. Bd3 e5 4. Nf3 c6 5. O-O Qc7 6. a4 Bg4 7. dxe5 dxe5 8. h3 Bh5 9. Nbd2 Nbd7 10. Re1 Be7 11. Nf1 O-O 12. Ng3 Rfd8 13. Qe2 Bg6 14. Nh4 Nc5 15. Nhf5 Nxd3 16. cxd3 Bb4 17. Rd1 Nd7 18. h4 Bf8 19. h5 Bxf5 20. Nxf5 g6 21. Ne3 Nf6 22. hxg6 hxg6 23. Bd2 Bc5 24. Rac1 Bd4 25. b4 Qe7 26. g3 Kg7 27. Kg2 Qe6 28. Rh1 Rh8 29. Qf3 Rxh1 30. Rxh1 Rh8 31. Rxh8 Kxh8 32. b5 cxb5 33. axb5 Kg7 34. Nc4 Nd7 35. Bb4 Qf6 36. Qxf6+ Kxf6 37. Na5 Bc5 38. Bc3 a6 39. f4 axb5 40. fxe5+ Ke7 41. Nxb7 b4 42. Bb2 Bb6 43. Nd6 Nc5 44. Nc8+ Ke6 45. Nxb6 Nxd3 46. Bd4 Nxe5 47. Nd5 b3 48. Nc7+ Kd6 49. Nb5+ Ke6 50. Bc3 Nc6 51. Nd4+ Nxd4 52. Bxd4 f5 53. Kf3 fxe4+ 54. Kxe4 Kf7 55. Bb2 Ke6 56. Kf4 Kf7 57. Kg5 Ke6 58. Kxg6 1-0

[Event "January 9 Late 2024"]
[Site "https://www.chess.com"]
[Date "2024.01.09"]
[Round "10"]
[White "Martinez Alcantara, Jose Eduardo"]
[Black "Adewumi, Tanitoluwa"]
[Result "1-0"]
[Board "23"]
[TimeControl "180+1"]
[WhiteFideId "3805662"]
[BlackFideId "30966396"]
[WhiteElo "2998"]
[BlackElo "2720"]
[WhiteTeam "PER"]
[BlackTeam "USA"]
[WhiteClock "0:01:27"]
[BlackClock "0:00:00"]

1. a3 e5 2. Ra2 d5 3. Ra1 Nf6 4. e3 Bd6 5. d4 O-O 6. Nf3 e4 7. Nfd2 c6 8. h3 Re8 9. c4 Nbd7 10. Nc3 Nf8 11. b3 Ng6 12. Bb2 Nh4 13. Qc2 Nh5 14. g4 Nf6 15. Be2 Ng2+ 16. Kd1 h6 17. Kc1 Be6 18. Kb1 Nh7 19. Ka2 Qf6 20. Raf1 Ng5 21. Rhg1 Nh4 22. Rh1 Ng2 23. Nd1 Nh4 24. Ka1 Rec8 25. c5 Be7 26. b4 a5 27. Kb1 axb4 28. axb4 b6 29. Nb3 Rab8 30. Bc3 bxc5 31. dxc5 Qg6 32. Nb2 Ngf3 33. Na4 d4 34. exd4 Bf6 35. Rd1 Rd8 36. Nb6 Ng2 37. Bxf3 Bxb3 38. Qxe4 Bxd1 39. Rxd1 Qg5 40. Bxg2 Re8 41. Qd3 Qf4 42. Bxc6 Red8 43. Nd5 1-0

[Event "January 9 Late 2024"]
[Site "https://www.chess.com"]
[Date "2024.01.09"]
[Round "10"]
[White "Nguyen, Ngoc Truong Son"]
[Black "Tarhan, Adar"]
[Result "0-1"]
[Board "24"]
[TimeControl "180+1"]
[WhiteFideId "12401110"]
[BlackFideId "34544712"]
[WhiteElo "2940"]
[BlackElo "2710"]
[WhiteTeam "VIE"]
[BlackTeam "TUR"]
[WhiteClock "0:00:00"]
[BlackClock "0:01:52"]

1. d4 Nf6 2. c4 e6 3. Nc3 Bb4 4. e3 b6 5. Bd3 Bb7 6. Nf3 Bxc3+ 7. bxc3 Ne4 8. Qc2 f5 9. Rg1 O-O 10. g4 Nf6 11. Ne5 d6 12. gxf5 dxe5 13. fxe6 e4 14. Be2 Qe7 15. d5 c6 16. a4 Na6 17. Ba3 Nc5 18. Rd1 cxd5 19. cxd5 Bxd5 20. Rxd5 Nxd5 21. Bc4 Rad8 22. Qa2 Nxc3 0-1

[Event "January 9 Late 2024"]
[Site "https://www.chess.com"]
[Date "2024.01.09"]
[Round "10"]
[White "Sanal, Vahap"]
[Black "Niekras, Dawid"]
[Result "1-0"]
[Board "25"]
[TimeControl "180+1"]
[WhiteFideId "6300545"]
[BlackFideId "1160451"]
[WhiteElo "2922"]
[BlackElo "2703"]
[WhiteTeam "TUR"]
[BlackTeam "POL"]
[WhiteClock "0:01:31"]
[BlackClock "0:00:08"]

1. e4 d6 2. d4 Nf6 3. Nc3 c6 4. Nf3 Bg4 5. a4 e6 6. Be2 d5 7. e5 Nfd7 8. Be3 Be7 9. O-O c5 10. Nb5 cxd4 11. Bxd4 Nc6 12. Nd6+ Bxd6 13. exd6 Bxf3 14. Bxf3 Nxd4 15. Qxd4 Qf6 16. Qb4 O-O 17. c4 Ne5 18. Be2 Nxc4 19. Bxc4 dxc4 20. Rac1 a5 21. Qxb7 Rab8 22. Qc7 Rfc8 23. Qxa5 Qxb2 24. Rfd1 h6 25. d7 Rd8 26. h3 Qb4 27. Qa6 Ra8 28. Qxc4 Qxa4 29. Qxa4 Rxa4 30. Rc8 Ra8 31. Rxa8 Rxa8 32. d8=Q+ Rxd8 33. Rxd8+ 1-0

[Event "January 9 Late 2024"]
[Site "https://www.chess.com"]
[Date "2024.01.09"]
[Round "10"]
[White "Manolache, Marius"]
[Black "Santos Latasa, Jaime"]
[Result "0-1"]
[Board "26"]
[TimeControl "180+1"]
[WhiteFideId "1201530"]
[BlackFideId "2293307"]
[WhiteElo "2702"]
[BlackElo "2883"]
[WhiteTeam "ROU"]
[BlackTeam "ESP"]
[WhiteClock "0:00:23"]
[BlackClock "0:00:18"]

1. d4 Nf6 2. Nf3 g6 3. Nc3 d5 4. Bf4 Bg7 5. e3 O-O 6. h4 c5 7. Be2 Nc6 8. Ne5 cxd4 9. Nxc6 bxc6 10. exd4 h5 11. Be5 Bf5 12. Qd2 Nd7 13. Bxg7 Kxg7 14. f3 e5 15. g4 hxg4 16. fxg4 Be6 17. h5 g5 18. h6+ Kh8 19. O-O-O e4 20. Rdf1 f6 21. Na4 Rb8 22. a3 Qc7 23. Rf2 Kh7 24. Rhf1 Kxh6 25. Nc5 Nxc5 26. dxc5 Kg7 27. Rh1 Qe5 28. c3 Rh8 29. Rff1 Rxh1 30. Rxh1 Rh8 31. Rxh8 Kxh8 32. Qe3 Kg7 33. a4 a5 34. Kd2 Kf7 35. Ke1 Ke7 36. Kd1 Kd7 37. Qh3 d4 38. Qh7+ Kd8 39. Qh8+ Kc7 40. Ba6 dxc3 41. bxc3 Bxg4+ 42. Kc2 Bd7 43. Be2 e3 44. Qg7 Qxc5 45. Bg4 Qd6 46. Bxd7 Qd2+ 47. Kb3 Qxd7 48. Qxf6 Kb7 49. Qe5 Qd5+ 0-1

[Event "January 9 Late 2024"]
[Site "https://www.chess.com"]
[Date "2024.01.09"]
[Round "10"]
[White "Pichot, Alan"]
[Black "Martinez Ramirez, Lennis"]
[Result "1-0"]
[Board "27"]
[TimeControl "180+1"]
[WhiteFideId "110973"]
[BlackFideId "3509079"]
[WhiteElo "2841"]
[BlackElo "2698"]
[WhiteTeam "ESP"]
[BlackTeam "CUB"]
[WhiteClock "0:01:13"]
[BlackClock "0:00:00"]

1. Nf3 d5 2. b3 Nf6 3. Bb2 g6 4. e3 Bg7 5. c4 O-O 6. cxd5 Qxd5 7. Bc4 Qd6 8. O-O c5 9. d4 cxd4 10. Qxd4 Qxd4 11. Nxd4 Bd7 12. Na3 Nc6 13. Nf3 a6 14. Rfd1 Rfd8 15. Nc2 Rac8 16. Ncd4 e6 17. Bf1 Nd5 18. Rac1 Nxd4 19. Nxd4 Rxc1 20. Rxc1 Rc8 21. Rxc8+ Bxc8 22. g3 Bd7 23. Bg2 Bxd4 24. Bxd4 Bc6 25. a3 f6 26. e4 Nc7 27. Bxf6 Nb5 28. Bb2 a5 29. f3 a4 30. bxa4 Nd6 31. Bf1 Bxa4 32. Be5 Nb5 33. Bb2 Nd6 34. Kf2 Kf7 35. Ke3 Bb3 36. Kd4 b6 37. Bc3 Ke7 38. Bb4 Kd7 39. Ke5 Nc4+ 40. Kf6 Ne3 41. Be2 Nc2 42. Bb5+ 1-0

[Event "January 9 Late 2024"]
[Site "https://www.chess.com"]
[Date "2024.01.09"]
[Round "10"]
[White "Vestby-Ellingsen, Mads"]
[Black "Mikaelyan, Arman"]
[Result "0-1"]
[Board "28"]
[TimeControl "180+1"]
[WhiteFideId "1520857"]
[BlackFideId "13304852"]
[WhiteElo "2685"]
[BlackElo "2840"]
[WhiteTeam "NOR"]
[BlackTeam "ARM"]
[WhiteClock "0:00:02"]
[BlackClock "0:00:11"]

1. e4 c5 2. Nf3 Nc6 3. b4 b6 4. b5 Nd4 5. Nxd4 cxd4 6. Bb2 Bb7 7. Bd3 e5 8. O-O Nf6 9. f4 Nxe4 10. fxe5 Nc5 11. Bc4 Qg5 12. Bxf7+ Kd8 13. Qe2 d3 14. cxd3 Nxd3 15. Bd4 Nf4 16. Rxf4 Qxf4 17. Qf2 Qxf2+ 18. Kxf2 Bc5 19. Bxc5 bxc5 20. Bc4 Rf8+ 21. Kg3 Rf5 22. Nc3 Rxe5 23. Rf1 Kc7 24. Rf7 Rg5+ 25. Kf4 Rxg2 26. Ke3 Re8+ 27. Kd3 Re1 28. Nd5+ Bxd5 29. Bxd5 Rg6 30. Bc6 Rd6+ 31. Kc3 Rc1+ 32. Kb3 Rxd2 33. Rxg7 c4+ 34. Kb4 Kb6 35. Bxd7 Rb2+ 36. Ka3 c3 37. Rxh7 Ra1 38. Be6 c2 39. Kxb2 c1=Q+ 40. Kb3 Rb1+ 41. Ka4 Qc2+ 42. Bb3 Qxh7 0-1

[Event "January 9 Late 2024"]
[Site "https://www.chess.com"]
[Date "2024.01.09"]
[Round "10"]
[White "Sherman, Raem"]
[Black "Bryakin, Mikhail"]
[Result "0-1"]
[Board "29"]
[TimeControl "180+1"]
[WhiteFideId "2822288"]
[BlackFideId "4165314"]
[WhiteElo "2673"]
[BlackElo "2837"]
[WhiteTeam "ISR"]
[BlackTeam "SRB"]
[WhiteClock "0:00:32"]
[BlackClock "0:01:00"]

1. e4 d5 2. exd5 Qxd5 3. Nc3 Qe5+ 4. Be2 Bg4 5. d4 Bxe2 6. Ngxe2 Qa5 7. O-O Nf6 8. Bf4 c6 9. Re1 e6 10. Qd3 Nbd7 11. a3 Be7 12. Ng3 O-O 13. Nce4 Nxe4 14. Nxe4 Nf6 15. Rad1 Rad8 16. Be5 Nd7 17. Bf4 Rfe8 18. Qg3 Qf5 19. c3 Nf6 20. Be5 Nh5 21. Qe3 Nf6 22. Qg3 Nh5 23. Qe3 f6 24. Bc7 Rd7 25. Ng3 Nxg3 26. Bxg3 Bf8 27. Rd2 c5 28. dxc5 Bxc5 29. Qe2 Red8 30. Red1 Rxd2 31. Rxd2 Rxd2 32. Qxd2 Qb1+ 0-1

[Event "January 9 Late 2024"]
[Site "https://www.chess.com"]
[Date "2024.01.09"]
[Round "10"]
[White "Goryachkina, Aleksandra"]
[Black "Rustemov, Alexander"]
[Result "1-0"]
[Board "30"]
[TimeControl "180+1"]
[WhiteFideId "4147103"]
[BlackFideId "4119002"]
[WhiteElo "2661"]
[BlackElo "2814"]
[WhiteTeam "FID"]
[BlackTeam "RUS"]
[WhiteClock "0:01:40"]
[BlackClock "0:00:56"]

1. e4 e6 2. d4 d5 3. Nd2 b6 4. exd5 Qxd5 5. Ngf3 Bb7 6. Bc4 Qd8 7. O-O Nf6 8. Bb5+ Nbd7 9. Ne5 a6 10. Bc6 Qc8 11. Qf3 Bxc6 12. Qxc6 Rb8 13. Re1 Be7 14. Nxf7 Kxf7 15. Qxe6+ Kg6 16. Nf3 Bd6 17. Nh4+ Kh5 18. Qf5+ 1-0

[Event "January 9 Late 2024"]
[Site "https://www.chess.com"]
[Date "2024.01.09"]
[Round "10"]
[White "Velikanov, Alexander"]
[Black "Al-Tarboush, Ward"]
[Result "1-0"]
[Board "31"]
[TimeControl "180+1"]
[WhiteFideId "2039290"]
[BlackFideId "7601450"]
[WhiteElo "2812"]
[BlackElo "2635"]
[WhiteTeam "USA"]
[BlackTeam "NOR"]
[WhiteClock "0:00:18"]
[BlackClock "0:00:17"]

1. e4 e6 2. d4 d5 3. exd5 exd5 4. h3 Bd6 5. c4 Nf6 6. c5 Be7 7. Nf3 b6 8. Be3 bxc5 9. dxc5 c6 10. Qc2 Nbd7 11. Nbd2 Qa5 12. Nd4 Qxc5 13. Qb3 Rb8 14. Qa4 Rb4 15. Qxc6 Rxd4 16. Qxc5 Bxc5 17. Rc1 Rxd2 18. Bxd2 O-O 19. Bd3 Re8+ 20. Kf1 Ne5 21. Bb5 Bd7 22. Rxc5 Ne4 23. Bxd7 Nxd2+ 24. Kg1 Rd8 25. Rc8 Rxc8 26. Bxc8 Nd3 27. Kh2 Nxf2 28. Rc1 g6 29. Bb7 d4 30. Rc2 Nfe4 31. Bxe4 Nxe4 32. Rc4 Kg7 33. Rxd4 Nc5 34. Rc4 Ne6 35. Ra4 1-0

[Event "January 9 Late 2024"]
[Site "https://www.chess.com"]
[Date "2024.01.09"]
[Round "10"]
[White "Badmatsyrenov, Oleg"]
[Black "Baltag, Iulian"]
[Result "1-0"]
[Board "32"]
[TimeControl "180+1"]
[WhiteFideId "24115762"]
[BlackFideId "13901419"]
[WhiteElo "2806"]
[BlackElo "2626"]
[WhiteTeam "FID"]
[BlackTeam "MDA"]
[WhiteClock "0:00:13"]
[BlackClock "0:00:00"]

1. e4 c5 2. Nf3 Nc6 3. d4 cxd4 4. Nxd4 Nf6 5. Nc3 d6 6. Bg5 e6 7. Qd2 a6 8. O-O-O Bd7 9. f3 b5 10. Kb1 h6 11. Nxc6 Bxc6 12. Bf4 d5 13. e5 Nd7 14. Ne2 Bb7 15. Nd4 Be7 16. Bd3 Nc5 17. Be3 Nxd3 18. cxd3 O-O 19. f4 Qd7 20. g4 f6 21. h4 fxe5 22. fxe5 Bc5 23. h5 Bxd4 24. Bxd4 Qe7 25. Rdf1 Qg5 26. Qxg5 hxg5 27. Rhg1 Rxf1+ 28. Rxf1 Rf8 29. Rxf8+ Kxf8 30. Kc2 Kg8 31. Kc3 a5 32. Kd2 g6 33. hxg6 Kg7 34. Bb6 a4 35. a3 Kxg6 36. d4 Kf7 37. Bd8 Bc6 38. Bxg5 Be8 39. Kc3 Kg6 40. Bd8 Kg7 41. Kb4 Bg6 42. Kxb5 Bc2 43. Kb4 Kf7 44. Kc3 Bd1 45. Kb4 Bc2 46. Bh4 Bd1 47. Kb5 Bc2 48. Bg5 Bd1 49. Bc1 Bc2 50. b4 axb3 51. a4 Bd3+ 52. Kb6 Kg6 53. a5 b2 54. Bxb2 Kg5 55. a6 Bxa6 56. Kxa6 Kxg4 57. Kb6 1-0

[Event "January 9 Late 2024"]
[Site "https://www.chess.com"]
[Date "2024.01.09"]
[Round "10"]
[White "Ivanisevic, Ivan"]
[Black "Bellahcene, Bilel"]
[Result "0-1"]
[Board "33"]
[TimeControl "180+1"]
[WhiteFideId "912417"]
[BlackFideId "696358"]
[WhiteElo "2788"]
[BlackElo "2620"]
[WhiteTeam "SRB"]
[BlackTeam "ALG"]
[WhiteClock "0:00:00"]
[BlackClock "0:00:10"]

1. d4 Nf6 2. Nf3 b6 3. e3 Bb7 4. Bd3 g6 5. Nbd2 Bg7 6. O-O O-O 7. e4 d5 8. e5 Ne4 9. Re1 Nxd2 10. Bxd2 e6 11. h4 Ba6 12. Bxa6 Nxa6 13. h5 Nb8 14. Bg5 Qe8 15. Qd2 Nd7 16. Re2 c5 17. c3 Rc8 18. Rae1 a5 19. Nh2 gxh5 20. Re3 Rc6 21. Rg3 Kh8 22. Bh6 Rg8 23. Bxg7+ Rxg7 24. Rxg7 Kxg7 25. Qg5+ Kh8 26. Qxh5 Qg8 27. Ng4 Qg6 28. Qh4 Rc8 29. Re3 cxd4 30. cxd4 Rg8 31. Rg3 Qb1+ 32. Kh2 Qe4 33. Qh6 Rg6 34. Qh4 Rg8 35. Qh5 Qf4 36. Kh3 Rg7 37. Qh4 h5 38. Nf6 Qxh4+ 39. Kxh4 Rxg3 40. fxg3 Nb8 41. Kxh5 Nc6 42. g4 Kg7 43. g5 Nxd4 44. Nd7 Nc6 45. g3 b5 46. Kg4 a4 47. Kf4 Na5 48. Nc5 Nc4 49. b3 axb3 50. axb3 Na5 51. b4 Nc6 52. Nd3 Kg6 53. Kg4 Nd4 54. Kf4 Ne2+ 55. Kg4 Nc3 56. Kf4 Nd1 57. Kg4 Ne3+ 58. Kf4 Nf5 59. Kg4 Ne7 60. Kf4 Nc6 61. Kg4 Ne7 62. Kf4 Nc8 63. Kg4 Nb6 64. Kf4 Na4 65. Kg4 Nc3 66. Kf4 Ne4 67. Kg4 Nxg5 68. Nf4+ Kh6 69. Ne2 Ne4 70. Nd4 Nc3 71. Kf4 Kg6 72. g4 Na2 73. Nxb5 Nxb4 74. Ke3 Nc6 75. Kf4 Nb4 76. Ke3 Kg5 77. Nd6 Kxg4 78. Nxf7 Nc6 0-1